 Dungeon Crawl Stone Soup version 0.26.1-11-gd32895ea62 (webtiles) character file.

Game seed: 5863662566860525320

288 Zeld the Changer (level 6, -8/41 HPs)
             Began as an Octopode Transmuter on May 26, 2021.
             Mangled by a gnoll
             ... wielding a +0 halberd
              (12 damage)
             ... on level 2 of the Dungeon.
             The game lasted 00:04:51 (5593 turns).

Zeld the Changer (Octopode Transmuter)              Turns: 5593, Time: 00:04:52

Health: -8/41      AC:  1    Str: 11    XL:     6   Next: 31%
Magic:  11/11      EV: 14    Int: 15    God:
Gold:   128        SH:  0    Dex: 13    Spells: 2/12 levels left

rFire    . . .     SeeInvis .     - Unarmed
rCold    . . .     Faith    .   (no shield)
rNeg     . . .     Spirit   .   (helmet restricted)
rPois    .         Reflect  .   (no amulet)
rElec    .         Harm     .   (no ring)
rCorr    .         Rampage  .   (no ring)
Will     .....                  (no ring)
Stlth    ++........             (no ring)
HPRegen  0.13/turn              (no ring)
MPRegen  0.12/turn              (no ring)
                                (no ring)
                                (no ring)

@: no status effects
A: almost no armour, stealthy swim, amphibious, 8 rings, constrict 8, camouflage
1, gelatinous body 1
a: no special abilities


You were on level 2 of the Dungeon.
You visited 1 branch of the dungeon, and saw 3 of its levels.

You collected 128 gold pieces.

Inventory:

Wands
 k - a wand of paralysis (8)
Scrolls
 b - a scroll of blinking {unknown}
 c - a scroll of fear {unknown}
 e - a scroll of enchant armour {unknown}
 g - 2 scrolls of remove curse {unknown}
 h - 2 scrolls of amnesia {unknown}
 i - 2 scrolls of identify {unknown}
 l - 2 scrolls of enchant weapon {unknown}
Potions
 a - 3 potions of curing
 d - a potion of ambrosia {unknown}
 f - 2 potions of degeneration {unknown}
 j - a potion of resistance {unknown}
 m - a potion of magic {unknown}


   Skills:
 + Level 2.4 Fighting
 + Level 3.1 Dodging
 - Level 3.0 Unarmed Combat
 * Level 3.7 Spellcasting
 * Level 4.0 Transmutations


You had 2 spell levels left.
You knew the following spells:

 Your Spells              Type           Power        Failure   Level
a - Beastly Appendage     Tmut           28%          3%          1
b - Wereblood             Tmut           14%          5%          2
c - Spider Form           Tmut/Pois      4%           24%         3
d - Ice Form              Ice/Tmut       8%           63%         4

Your spell library contained the following spells:

 Spells                   Type           Power        Failure   Level
 Blade Hands              Tmut           7%           69%         5


Dungeon Overview and Level Annotations

Branches:
Dungeon (3/15)

Altars:


Innate Abilities, Weirdness & Mutations

You cannot wear most types of armour.
You are very stealthy in the water. (Stealth+)
You are amphibious.
You can wear up to eight rings at the same time.
You can use your tentacles to constrict eight enemies at once.
Your skin changes colour to match your surroundings (Stealth+).
Your rubbery body absorbs attacks. (AC +1, EV +1)


Message History

You feel sick.
Your magical contamination has completely faded away.
You feel sick.
A kobold comes into view. It is wielding a +0 dagger.
The kobold shouts!
You feel sick.
You are no longer poisoned.
A gnoll comes into view. It is wielding a +0 halberd.
A gnoll comes into view. It is wielding a +0 flail.
The gnoll barely misses you.
There is an escape hatch in the ceiling here.
The kobold hits you with a +0 dagger.
* * * LOW HITPOINT WARNING * * *
The gnoll completely misses you. A mysterious force pulls you upwards.
The hatch slams shut behind you. The kobold hits you but does no damage.
The kobold barely misses you. The kobold misses you. The gnoll misses you.
The gnoll hits you from afar with a +0 halberd!
You die...

#....'............
#....############# #....#
############.#
#.....(....#.#
#..........#.#
#..........#.#
###......###.#############
#.....K@.)>[............
#....g.#################
#......# #......#######
#......'.....#
#......#####.#
#.)....#####.#
#.........##.#
#..........#.#########


You could see a gnoll and a kobold.

Vanquished Creatures
  An orc priest (D:2)
  Ijyb (D:3)
  Jessica (D:3)
  A howler monkey zombie (D:2)
  3 adders
  10 gnolls (D:3)
  A dart slug (D:1)
  3 leopard geckos
  4 orcs
  2 ball pythons
  A giant cockroach (D:1)
  6 goblins
  7 hobgoblins
  8 jackals
  2 quokkas (D:3)
  4 bats
  3 frilled lizards
  3 kobolds (D:1)
  8 rats
69 creatures vanquished.

Notes
Turn   | Place    | Note
-------+----------+-------------------------------------------
     0 | D:1      | Zeld the Octopode Transmuter began the quest for the Orb.
     0 | D:1      | Reached XP level 1. HP: 13/13 MP: 3/3
   235 | D:1      | Reached XP level 2. HP: 11/18 MP: 5/5
   244 | D:1      | Learned a level 2 spell: Wereblood
  1026 | D:1      | Reached XP level 3. HP: 23/23 MP: 4/6
  1030 | D:1      | Learned a level 3 spell: Spider Form
  2237 | D:3      | Reached XP level 4. HP: 25/28 MP: 6/8
  3619 | D:2      | Reached skill level 3 in Transmutations
  4143 | D:3      | Reached XP level 5. HP: 22/34 MP: 6/9
  4448 | D:2      | Learned a level 4 spell: Ice Form
  4569 | D:3      | Noticed Jessica
  4576 | D:3      | Killed Jessica
  5215 | D:3      | Reached XP level 6. HP: 8/39 MP: 2/11
  5528 | D:3      | Noticed Ijyb
  5549 | D:3      | Killed Ijyb
  5550 | D:3      | Reached skill level 4 in Transmutations
  5593 | D:2      | Mangled by a gnoll

Illustrated notes

Levels and vault maps discovered:
D:1:      dpeg_chamrin_arrival_tetris, layout_loops_ring, minmay_misc_feat_chi,
          minmay_distorted
D:2:      layout_basic, serial_glass, glass_columns_a, glass_columns_a
D:3:      lemuel_castle_with_subvaults [lemuel_castle_interior_carwin_3],
          layout_loops_cross, uniq_ijyb, uniq_jessica

Skill      XL: |  1  2  3  4  5  6 |
---------------+-------------------+-----
Spellcasting   | 3 |  3.7
Transmutations | 3 4 |  4.0
Fighting       | 2 |  2.4
Dodging        | 3 |  3.1
Unarmed Combat | |  3.0

Action                   |  1- 3 |  4- 6 || total
-------------------------+-------+-------++-------
Melee: Unarmed           |    65 |   116 ||   181
       Constrict         |    20 |    11 ||    31
       Tentacles         |    11 |     6 ||    17
       Kick              |    10 |     2 ||    12
       Punch             |       |     1 ||     1
 Cast: Beastly Appendage |    29 |     2 ||    31
       Wereblood         |     1 |     2 ||     3
       Spider Form       |       |    14 ||    14
       Ice Form          |       |     1 ||     1
 Stab: Sleeping          |     2 |       ||     2
Armor: Skin              |     8 |    20 ||    28
Dodge: Dodged            |    57 |   125 ||   182
